 Dungeon Crawl Stone Soup version 0.29.0-7-g18a832c13a (webtiles) character file.

Game seed: 2347115602823028206

34 Zeldest the Slasher (level 3, 0/33 HPs)
             Began as a Draconian Monk on Aug 30, 2022.
             Was a Believer of Makhleb.
             Slain by a gnoll
             ... wielding a +0 spear
              (3 damage)
             ... on level 2 of the Dungeon.
             The game lasted 00:01:15 (1049 turns).

Zeldest the Slasher (Draconian Monk)                Turns: 1049, Time: 00:01:16

Health: 0/33       AC:  5    Str: 13    XL:     3   Next: 14%
Magic:  3/3        EV: 13    Int: 10    God:    Makhleb [**....]
Gold:   40         SH:  0    Dex: 15    Spells: 2/2 levels left

rFire   . . .      SeeInvis .   a - +0 falchion
rCold   . . .      Faith    .   (no shield)
rNeg    . . .      Spirit   .   (body armour unavailable)
rPois   .          Reflect  .   (helmet restricted)
rElec   .          Harm     .   (no cloak)
rCorr   .          Rampage  .   (no gloves)
Will    .....                   (no boots)
Stlth   ++........              (no amulet)
HPRegen 0.11/turn               (no ring)
MPRegen 0.08/turn               (no ring)

@: no status effects
A: AC +5, unfitting armour, cold-blooded
a: Renounce Religion, Minor Destruction


You were on level 2 of the Dungeon.
You worshipped Makhleb.
Makhleb was pleased with you.
You visited 1 branch of the dungeon, and saw 2 of its levels.

You collected 40 gold pieces.

Inventory:

Hand Weapons
 a - a +0 falchion (weapon)
Scrolls
 d - a scroll of noise {unknown}
 e - a scroll of blinking {unknown}
 f - a scroll of enchant weapon {unknown}
Potions
 b - 2 potions of ambrosia
 c - a potion of lignification {unknown}


   Skills:
 + Level 3.6 Fighting
 * Level 3.7 Long Blades
 + Level 3.0 Dodging
 - Level 1.7 Stealth
 + Level 0.2 Invocations


You had 2 spell levels left.
You didn't know any spells.
Your spell library contained the following spells:

 Spells                   Type           Power      Damage    Failure   Level
 Sandblast                Erth           0%         2d4       36%         1
 Passwall                 Tmut/Erth      0%         N/A       50%         2
 Stone Arrow              Conj/Erth      0%         3d7       75%         3


Dungeon Overview and Level Annotations

Branches:
Dungeon (2/15)

Altars:
Makhleb

Shops:
D:1 :


Innate Abilities, Weirdness & Mutations

Your plain brown scales are hard. (AC +5)
You cannot fit into any form of body armour.
You are cold-blooded and may be slowed by cold attacks.


Message History

There are monsters nearby!
You hit the gnoll. You tail-slap the gnoll.
The gnoll is severely wounded.
The gnoll closely misses you.
You barely miss the gnoll.
The gnoll is severely wounded.
The gnoll hits you with a +0 spear.
There are monsters nearby!
You hit the gnoll.
You kill the gnoll!
Makhleb accepts your kill. The gnoll closely misses you.
You have reached level 3!
Your experience leads to an increase in your attributes!
Increase (S)trength, (I)ntelligence, or (D)exterity?
You feel agile. x2; Your scales feel tougher.
The gnoll attacks as you move away! The gnoll hits you with a +0 whip.
The gnoll attacks as you move away! The gnoll closely misses you.
You hit the gnoll but do no damage. You tail-slap the gnoll.
The gnoll is lightly wounded.
The gnoll hits you with a +0 whip.
The gnoll hits you from afar with a +0 spear.
You barely miss the gnoll.
Your tail-slap misses the gnoll.
The gnoll is lightly wounded.
The gnoll hits you but does no damage. The gnoll hits you with a +0 whip.
* * * LOW HITPOINT WARNING * * *
You hit the gnoll.
The gnoll is heavily wounded.
The gnoll hits you from afar with a +0 spear.
* * * LOW HITPOINT WARNING * * *
The gnoll barely misses you.
Okay, then.
You closely miss the gnoll.
The gnoll is heavily wounded.
The gnoll hits you from afar with a +0 spear.
* * * LOW HITPOINT WARNING * * *
The gnoll hits you with a +0 whip.
* * * LOW HITPOINT WARNING * * *
The gnoll hits you from afar with a +0 spear.
You die...

#..# #..# #..# #..#
#..# ##
############..# .#
#..........).g#
.######.##########g#
..........##....@g.#
#######.#.##.#######
#.#.##.# #.#.##.#
..#....# ######.#
#.# #.# #.#


You could see 3 gnolls.

Vanquished Creatures
  A gnoll (D:2)
  A dart slug (D:1)
  5 ball pythons (D:1)
  3 endoplasms (D:1)
  2 giant cockroaches
  2 hobgoblins (D:1)
  A kobold (D:1)
  2 bats (D:1)
  3 goblins (D:1)
  2 rats (D:1)
22 creatures vanquished.

Notes
Turn   | Place    | Note
-------+----------+-------------------------------------------
     0 | D:1      | Zeldest the Draconian Monk began the quest for the Orb.
     0 | D:1      | Reached XP level 1. HP: 19/19 MP: 1/1
   180 | D:1      | Reached XP level 2. HP: 26/26 MP: 2/2
   720 | D:1      | Found Neilump's Book Boutique.
   945 | D:1      | Found a faded altar of an unknown god.
   953 | D:1      | Prayed at the altar of an unknown god.
   953 | D:1      | Became a worshipper of Makhleb the Destroyer
   953 | D:1      | Reached * piety under Makhleb
   953 | D:1      | Reached ** piety under Makhleb
  1044 | D:2      | Reached XP level 3. HP: 28/33 MP: 3/3
  1049 | D:2      | Slain by a gnoll

Illustrated notes

Levels and vault maps discovered:
D:1:      minmay_arrival_statue_studded, layout_basic, serial_shops,
          shop_statue, dilly_ecumenical_altar_fadedgnrine,
          minmay_misc_feat_columns
D:2:      layout_loops_ring, uniq_natasha

Skill      XL: |  1  2 |
---------------+-------+-----
Dodging        | 3 |  3.0
Fighting       | |  3.6
Long Blades    | |  3.7
Stealth        | |  1.7
Invocations    | |  0.2

Action                   || total
-------------------------++-------
Melee: Falchion          ||    52
       Tailslap          ||     4
       Punch             ||     1
 Stab: Sleeping          ||     4
Armor: Skin              ||    13
Dodge: Dodged            ||    34
